Map: King Sejong Station LE

Players

IMBALISK

  • Race: Zerg Zerg

A.I. 1 (Very Easy) - Winner!

  • Race: Zerg Zerg

VOD

Have the link to the VOD?

Description

Time

  • Played on: July 25, 2016, 4:39 p.m.
  • Length: 6:22
Show
View Real Time Build Order
Export as new Build Order

IMBALISK Zerg 

Build Orders: 3 Hatch before Pool 

Get SALT Encoding   

  12  0:00  Drone  
  13  0:12  Overlord  
  13  0:17  Drone  
  14  0:30  Drone x2  
  14  0:34  Drone  
  17  0:45  Drone  
  18  0:57  Drone, Hatchery  
  18  1:06  Drone  
  19  1:17  Drone  
  20  1:25  Hatchery  
  20  1:28  Drone  
  20  1:31  Extractor  
  19  1:38  Drone  
  20  1:46  Spawning Pool  
  19  1:49  Drone  
  20  2:00  Drone  
  21  2:09  Overlord  
  21  2:14  Drone  
  22  2:33  Metabolic Boost, Queen x2  
  22  2:35  Zergling x4  
  28  2:42  Drone x3  
  31  2:50  Queen  
  33  2:57  Drone x2  
  35  2:59  Drone  
  35  3:02  Drone  
  35  3:05  Overlord  
  37  3:09  Drone  
  37  3:10  Drone  
  37  3:12  Drone  
  40  3:15  Drone  
  41  3:20  Overlord  
  41  3:24  Queen  
  41  3:26  Drone  
  44  3:30  Drone x2  
  44  3:31  Drone  
  47  3:35  Overlord  
  47  3:45  Drone x3  
  47  3:47  Drone  
  47  3:48  Extractor  
  50  3:49  Drone x3  
  50  3:52  Drone x2  
  55  3:56  Roach Warren  
  55  4:01  Drone x4  
  55  4:02  Drone  
  59  4:03  Drone  
  59  4:06  Overlord  
  60  4:16  Drone  
  64  4:17  Drone x5  
  64  4:18  Overlord  
  66  4:24  Extractor, Lair  
  66  4:25  Extractor  
  66  4:31  Drone, Evolution Chamber  
  65  4:32  Evolution Chamber  
  65  4:36  Overlord x2  
  63  4:39  Drone x3  
  66  4:47  Drone  
  66  4:48  Drone x2  
  66  4:49  Drone x3  
  72  4:53  Overlord x3  
  72  5:02  Overlord  
  72  5:12  Roach  
  72  5:13  Roach x3  
  80  5:22  Overseer  
  80  5:30  Drone  
  80  5:32  Hydralisk Den  
  80  5:37  Extractor  
  80  5:38  Extractor, Drone x3  
  80  5:39  Spore Crawler, Drone x2  
  80  5:40  Drone  
  84  5:42  Drone  
  84  5:43  Drone  
  84  5:45  Roach  
  84  5:46  Roach x5  
  97  5:53  Overlord  
  97  5:58  Overlord  
  97  6:01  Hatchery  
Show
View Real Time Build Order
Export as new Build Order

A.I. 1 (Very Easy) Zerg - Winner!

Build Orders: Pool First 

Get SALT Encoding   

  12  0:00  Drone  
  13  0:12  Overlord  
  13  0:17  Drone  
  14  0:35  Spawning Pool  
  13  0:37  Drone  
  13  0:41  Extractor  
  13  0:45  Drone  
  14  0:52  Overlord  
  14  1:22  Zergling x2  
  14  1:23  Queen  
  17  1:31  Roach Warren  
  16  1:32  Extractor  
  16  1:38  Drone  
  16  1:40  Zergling x2  
  16  1:45  Drone  
  18  1:58  Zergling x2  
  18  2:00  Drone  
  20  2:10  Drone  
  21  2:21  Drone  
  23  2:30  Drone  
  23  2:32  Overlord  
  24  2:37  Drone  
  25  2:44  Drone  
  25  5:25  Zergling x2  
  25  5:46  Drone  
  26  5:53  Drone  
  27  6:00  Hatchery  
  27  6:01  Drone  
  27  6:08  Drone  
Tags
 
Add a new tag
Caveats
  • Supply blocks, unpowered buildings, or Contaminate may cause inaccurate times.
  • Supply counts are checked every 10 seconds.